 Dungeon Crawl Stone Soup version 0.28.0 (webtiles) character file.

Game seed: 14595827478154287046

4774 snetch the Cleaver (level 10, -2/135 HPs)
             Began as a Minotaur Berserker on Feb 7, 2022.
             Was an Elder of Trog.
             Slain by a killer bee (5 damage)
             ... on level 9 of the Dungeon.
             The game lasted 00:26:40 (7532 turns).

snetch the Cleaver (Minotaur Berserker)             Turns: 7532, Time: 00:26:44

Health: -2/135     AC: 17    Str: 27    XL:     10   Next: 23%
Magic:  9/9        EV:  9    Int:  4    God:    Trog [****..]
Gold:   374        SH:  0    Dex:  9    Spells: 9/9 levels left

rFire   . . .      SeeInvis .   b - +2 battleaxe
rCold   . . .      Faith    .   (shield currently unavailable)
rNeg    . . .      Spirit   .   d - +0 chain mail
rPois   .          Reflect  .   (helmet restricted)
rElec   .          Harm     .   N - scarf {repulsion}
rCorr   .          Rampage  .   F - +0 pair of gloves
Will    .....                   (no boots)
Stlth   ..........              (no amulet)
HPRegen 0.32/turn               G - +4 ring of protection
MPRegen 0.11/turn               (no ring)

@: berserking, repel missiles, very quick
A: horns 2, retaliatory headbutt
a: Renounce Religion, Berserk, Trog's Hand, Brothers in Arms


You were on level 9 of the Dungeon.
You worshipped Trog.
Trog was greatly pleased with you.
You visited 2 branches of the dungeon, and saw 10 of its levels.

You collected 374 gold pieces.

Inventory:

Hand Weapons
 a - the +2 whip "Kadoigol" {holy, rPois rF+ Will+}
   (You found it on level 5 of the Dungeon)

   It has been blessed by the Shining One to cause great damage to the undead
   and demons.
   rF:        It protects you from fire.
   rPois:     It protects you from poison.
   Will:      It increases your willpower.
 b - a +2 battleaxe (weapon)
 c - a +1 spear of flaming
Missiles
 e - 179 arrows
 f - 167 stones (quivered)
 n - 56 bolts
 B - 32 poisoned darts
 I - 3 boomerangs
 L - 21 sling bullets
Armour
 d - a +0 chain mail (worn)
 y - an orb of light
 F - a +0 pair of gloves (worn)
 N - a scarf of repulsion (worn)
Jewellery
 w - a ring of fire
 G - a +4 ring of protection (left hand)
Wands
 s - a wand of flame (15)
 H - a wand of digging (2)
 J - a wand of mindburst (15)
 K - a wand of acid (3)
Scrolls
 i - a scroll of silence {unknown}
 j - 7 scrolls of teleportation {unknown}
 k - 3 scrolls of magic mapping {unknown}
 o - 2 scrolls of immolation {unknown}
 t - 2 scrolls of enchant weapon {unknown}
 u - 5 scrolls of identify {unknown}
 v - a scroll of vulnerability {unknown}
 A - 3 scrolls of fog {unknown}
 C - a scroll of amnesia {unknown}
 M - a scroll of acquirement {unknown}
Potions
 g - 5 potions of mutation {unknown}
 h - 2 potions of cancellation {unknown}
 l - a potion of haste {unknown}
 m - a potion of heal wounds {unknown}
 p - a potion of lignification {unknown}
 q - 3 potions of flight {unknown}
 r - 3 potions of brilliance {unknown}
 x - 3 potions of might {unknown}
 z - a potion of berserk rage {unknown}
 D - 2 potions of curing {unknown}
 E - a potion of degeneration {unknown}
 Q - a potion of magic {unknown}


   Skills:
 + Level 8.5 Fighting
 + Level 10.1(11.2) Axes
 + Level 7.8(10.1) Maces & Flails
 + Level 2.2 Throwing
 + Level 9.9 Armour
 + Level 3.5 Dodging
 + Level 1.2 Stealth
 + Level 0.1 Evocations


You had 9 spell levels left.
You didn't know any spells.
Your spell library contained the following spells:

 Spells                   Type           Power      Damage    Failure   Level
 Frozen Ramparts          Ice            0%         1d2       100%        3
 Hailstorm                Conj/Ice       0%         3d3       100%        4
 Ice Form                 Ice/Tmut       0%         N/A       100%        4
 Leda's Liquefaction      Hex/Erth       0%         N/A       100%        4
 Summon Ice Beast         Ice/Summ       0%         N/A       100%        4
 Lee's Rapid Deconstruct  Erth           0%         3d5*      100%        5
 Simulacrum               Ice/Necr       0%         N/A       100%        6
 Statue Form              Tmut/Erth      0%         N/A       100%        6


Dungeon Overview and Level Annotations

Branches:
Dungeon (9/15)             Temple (1/1) D:5
   Lair: D:8-11         Orc: D:9-12

Altars:
Ashenzari
Cheibriados
Dithmenos
Elyvilon
Fedhas
Gozag
Hepliaklqana
Kikubaaqudgha
Makhleb
Nemelex Xobeh
Okawaru
Qazlal
Ru
Sif Muna
Trog
Uskayaw
Vehumet
Wu Jian
Xom
Yredelemnul
Zin
The Shining One


Innate Abilities, Weirdness & Mutations

You have a pair of horns on your head.
You reflexively headbutt those who attack you in melee.


Message History

Your black bear completely misses the yak.
The killer bee stings you but does no damage. x2
The killer bee closely misses you. You furiously retaliate!
You headbutt the killer bee!!
You kill the killer bee!
Trog accepts your kill.
The killer bee stings you but does no damage. x2
The yak gores your black bear.
Your base Axes skill increases to level 10!
You closely miss the killer bee. You miss the killer bee. x2
You barely miss the killer bee.
You feel sick. The killer bee barely misses you.
The killer bee stings you but does no damage. x2
Your black bear closely misses the yak.
Your black bear claws the yak. x2
The killer bee barely misses you. The yak closely misses your black bear.
The killer bee stings you but does no damage.
The killer bee stings you.
* * * LOW HITPOINT WARNING * * *
The killer bee closely misses you. You furiously retaliate!
You headbutt the killer bee!
You kill the killer bee!
Trog accepts your kill.
Your black bear bites the yak!
Your black bear claws the yak but does no damage.
Your black bear claws the yak.
The yak dies!
Trog accepts your kill.
You slash the killer bee! Your headbutt misses the killer bee.
The killer bee is almost dead.
You miss the killer bee. x2; You feel sick.
You are no longer poisoned.
The killer bee barely misses you. The killer bee closely misses you.
You furiously retaliate!
You headbutt the killer bee!
You feel the power of Trog in you as your rage grows.
You kill the killer bee!
Trog accepts your kill.
The killer bee stings you but does no damage. x2
Your black bear bites the yak.
Your black bear claws the yak.
Your black bear closely misses the yak.
The killer bee stings you.
You die...

#...........
#(..........
#...........
#...........
#...........
#..hY.......
#...Yy....^.
#...@y......
#.##########


You could see 2 yaks, 2 killer bees and a friendly black bear (summoned,
berserk).

Vanquished Creatures
  The ghost of ProzacElf the Covered, a novice DsFi of Jiyva (D:5)
  Grinder (D:5)
  A wyvern (D:8)
  Sigmund (D:3)
  3 yaks (D:9)
  An orc warrior (D:7)
  2 black bears
  2 ice beasts
  2 necrophages
  An ogre (D:6)
  5 centaurs
  Blork the orc (D:5)
  2 kobold brigands
  A gnoll sergeant (D:5)
  A bullfrog (D:8)
  3 scorpions
  A wyvern skeleton (D:7)
  9 killer bees
  2 water moccasin skeletons
  6 wights (D:7)
  2 hounds
  3 jellies
  4 orc priests (D:7)
  A bullfrog skeleton (D:7)
  A gnoll shaman (D:6)
  Jessica (D:2)
  3 iguanas
  A scorpion zombie (D:5)
  2 orc wizards
  A statue (D:8)
  2 howler monkey zombies (D:7)
  12 gnolls
  A howler monkey skeleton (D:5)
  9 adders
  A white imp (D:7)
  An ufetubus (D:5)
  3 worms
  A dart slug (D:5)
  13 orcs
  8 ball pythons
  5 bats
  9 endoplasms
  A giant cockroach (D:3)
  17 goblins
  7 hobgoblins
  5 jackals (D:1)
  6 quokkas
  9 frilled lizards
  13 kobolds
  8 rats
196 creatures vanquished.

Vanquished Creatures (collateral kills)
  A troll (D:9)
  A yak (D:9)
2 creatures vanquished.

Vanquished Creatures (others)
  2 fungi (D:5)
  2 plants (D:5)
4 creatures vanquished.

Grand Total: 202 creatures vanquished

Notes
Turn   | Place    | Note
-------+----------+-------------------------------------------
     0 | D:1      | snetch the Minotaur Berserker began the quest for the Orb.
     0 | D:1      | Reached XP level 1. HP: 19/19 MP: 0/0
    46 | D:2      | Found a stormy altar of Qazlal.
    88 | D:1      | Reached skill level 4 in Axes
    88 | D:1      | Reached XP level 2. HP: 14/27 MP: 1/1
   406 | D:1      | Reached XP level 3. HP: 33/33 MP: 2/2
   555 | D:1      | Reached ** piety under Trog
   667 | D:2      | Reached XP level 4. HP: 25/41 MP: 3/3
  1007 | D:2      | Noticed Jessica
  1009 | D:2      | Killed Jessica
  1010 | D:2      | Reached skill level 5 in Fighting
  1164 | D:2      | Reached skill level 5 in Axes
  1419 | D:4      | You fall into a shaft and drop 1 floor!
  1419 | D:5      | Entered Level 5 of the Dungeon
  1419 | D:5      | Noticed a black bear
  1419 | D:5      | Found a staircase to the Ecumenical Temple.
  1424 | D:5      | Reached skill level 1 in Maces & Flails
  1426 | D:5      | Killed a black bear
  1427 | D:5      | Reached XP level 5. HP: 48/48 MP: 4/4
  1460 | D:5      | Noticed Blork the orc
  1470 | D:5      | Killed Blork the orc
  1471 | D:5      | Reached XP level 6. HP: 34/56 MP: 5/5
  1503 | Temple   | Entered the Ecumenical Temple
  2073 | D:3      | Noticed Sigmund
  2082 | D:3      | Killed Sigmund
  2205 | D:3      | Reached skill level 5 in Maces & Flails
  2269 | D:3      | Reached XP level 7. HP: 31/61 MP: 6/6
  2892 | D:4      | Reached *** piety under Trog
  2947 | D:5      | Reached skill level 6 in Axes
  3441 | D:5      | Reached skill level 5 in Armour
  3747 | D:6      | Reached skill level 7 in Axes
  4130 | D:5      | Found a runed translucent gate.
  4130 | D:5      | Found a runed translucent gate.
  4130 | D:5      | Found a runed translucent gate.
  4130 | D:5      | Noticed ProzacElf's ghost (novice DsFi)
  4177 | D:5      | Reached skill level 1 in Throwing
  4205 | D:5      | Reached XP level 8. HP: 63/70 MP: 7/7
  4386 | D:5      | Found a sacrificial altar of Ru.
  4415 | D:5      | Noticed Grinder
  4418 | D:5      | Paralysed by Grinder for 3 turns
  4423 | D:5      | Killed Grinder
  4427 | D:5      | Reached skill level 8 in Axes
  4538 | D:5      | Identified the +2 whip "Kadoigol" {holy, rPois rF+ Will+}
  4736 | D:5      | Killed ProzacElf's ghost
  5004 | D:6      | Reached skill level 9 in Axes
  5271 | D:6      | Reached XP level 9. HP: 76/78 MP: 8/8
  5302 | D:6      | Reached skill level 1 in Stealth
  5318 | D:6      | Found a shadowy altar of Dithmenos.
  5338 | D:6      | Reached **** piety under Trog
  6108 | D:7      | Found a glowing golden altar of the Shining One.
  6586 | D:7      | Found a glowing silver altar of Zin.
  7362 | D:8      | Found a radiant altar of Vehumet.
  7478 | D:9      | Noticed a troll
  7522 | D:9      | Reached XP level 10. HP: 61/88 MP: 9/9
  7531 | D:9      | Reached skill level 10 in Axes
  7531 | D:9      | HP: 4/135 [killer bee (3)]
  7532 | D:9      | Slain by a killer bee

Illustrated notes

Levels and vault maps discovered:
D:1:      lemuel_arrival_river_ford, layout_rooms
D:2:      layout_loops_ring, basic_altar, uniq_jessica
D:3:      layout_loops_cross, uniq_sigmund
D:4:      layout_loops_corners, minmay_misc_feat_hallway
D:5:      layout_loops_corners, nicolae_ru_great_annihilating_truth,
          minmay_temple_entry_ruins, gammafunk_ghost_nasty_kobolds,
          uniq_grinder, uniq_blork_the_orc
D:6:      layout_loops_ring, grunt_dithmenos_smoke, minmay_misc_feat_iff,
          minmay_ogre_servants
D:7:      layout_loops_cross, mainiacjoe_overflow_paths,
          nicolae_tso_carved_into_rock, kennysheep_opposing_triangles
D:8:      layout_basic, vehumet_statue, roderic_roman_lattice, uniq_harold,
          uniq_maggie, uniq_prince_ribbit1
D:9:      layout_long_grid, enter_bailey_2, uniq_erolcha, uniq_erica
Temple:   nicolae_temple_elliptical

Skill      XL: |  1  2  3  4  5  6  7  8  9 10 |
---------------+-------------------------------+-----
Axes           | 4 5 7 9 10 | 10.1
Fighting       | 4 5 6 8 |  8.5
Maces & Flails | 2 3 5 7 |  7.8
Armour         | 3 4 5 7 9 |  9.9
Throwing       | 1 2 |  2.2
Dodging        | 3 |  3.5
Stealth        | 1 |  1.2
Evocations     | |  0.1

Action                   |  1- 3 |  4- 6 |  7- 9 | 10-12 || total
-------------------------+-------+-------+-------+-------++-------
Melee: Hand axe          |    70 |       |       |       ||    70
       Headbutt          |    14 |    10 |    68 |       ||    92
       Flail             |     6 |    33 |       |       ||    39
       Punch             |       |     1 |     1 |       ||     2
       War axe           |       |    35 |    77 |       ||   112
       Whip              |       |       |   193 |       ||   193
       Battleaxe         |       |       |    28 |    11 ||    39
Throw: Stone             |       |     6 |    18 |       ||    24
Invok: Berserk           |     1 |     1 |     3 |       ||     5
       Trog's Hand       |       |     1 |     1 |       ||     2
       Brothers in Arms  |       |       |     1 |       ||     1
Evoke: Wand              |       |       |     2 |       ||     2
 Stab: Paralysed         |       |       |     1 |       ||     1
Armor: Chain mail        |    62 |    35 |   178 |    24 ||   299
Dodge: Dodged            |    38 |    33 |   144 |    23 ||   238
